 Dungeon Crawl Stone Soup version 0.30-a0-777-ga9a30cbeda (webtiles) character file.

Game seed: 12471686807769300273

218 Hubris850 the Chopper (level 5, -3/46 HPs)
             Began as a Hill Orc Monk on Feb 13, 2023.
             Slain by Blork the orc
             ... wielding a +0 mace
              (6 damage)
             ... on level 4 of the Dungeon.
             The game lasted 00:09:58 (3082 turns).

Hubris850 the Chopper (Hill Orc Monk)               Turns: 3082, Time: 00:09:59

Health: -3/46      AC:  5    Str: 16    XL:     5   Next: 95%
Magic:  5/5        EV:  9    Int: 10    God:
Gold:   132        SH:  0    Dex: 13    Spells: 4/4 levels left

rFire   . . .      SeeInvis .    a - +0 hand axe
rCold   . . .      Faith    .    (no shield)
rNeg    . . .      Spirit   .    p - +1 leather armour {Will+}
rPois   .          Reflect  .    h - +0 helmet
rElec   .          Harm     .    (no cloak)
rCorr   .          Rampage  .    (no gloves)
Will    +....                    (no boots)
Stlth   ++                       e - amulet of regeneration
HPRegen 1.07/turn                m - ring of wizardry
MPRegen 0.09/turn                (no ring)

@: grasped by roots, constricted
A: no striking features
a: no special abilities


You were on level 4 of the Dungeon.
You visited 1 branch of the dungeon, and saw 4 of its levels.
You also visited: Sewer.

You collected 132 gold pieces.

Inventory:

Hand Weapons
 a - a +0 hand axe (weapon)
Missiles
 f - 5 boomerangs (quivered)
 n - 12 poisoned darts
 u - 4 datura-tipped darts
Armour
 b - a +0 robe
 g - a +0 leather armour
 h - a +0 helmet (worn)
 l - a +1 hat
 p - a +1 leather armour of willpower (worn)
Jewellery
 e - an amulet of regeneration (around neck)
 m - a ring of wizardry (left hand)
 o - an amulet of reflection
 y - an amulet of guardian spirit
Scrolls
 i - 2 scrolls of fear
 j - a scroll of vulnerability
 k - 2 scrolls of brand weapon
 q - 2 scrolls of enchant armour
 s - a scroll of teleportation {unknown}
 t - a scroll of blinking
 v - a scroll of magic mapping {unknown}
 w - a scroll of identify
Potions
 c - 2 potions of ambrosia
 d - 2 potions of attraction {unknown}
 r - a potion of degeneration {unknown}
 x - a potion of experience {unknown}
 z - a potion of might {unknown}
 A - a potion of resistance {unknown}
 B - a potion of brilliance {unknown}
 C - a potion of lignification {unknown}
 D - a potion of heal wounds {unknown}
 E - a potion of invisibility {unknown}
 F - a potion of magic {unknown}
 G - a potion of curing {unknown}


   Skills:
 - Level 4.0 Fighting
 + Level 5.1 Axes
 + Level 2.8 Throwing
 + Level 3.6 Armour
 - Level 2.4 Dodging
 - Level 1.5 Stealth


You had 4 spell levels left.
You didn't know any spells.
Your spell library contained the following spells:

 Spells                   Type           Power      Damage    Failure   Level
 Foxfire                  Conj/Fire      0%         2x1d4     17%         1
 Summon Small Mammal      Summ           0%         N/A       17%         1
 Passwall                 Tmut/Erth      0%         N/A       26%         2
 Call Canine Familiar     Summ           0%         N/A       45%         3
 Summon Guardian Golem    Hex/Summ       0%         N/A       45%         3
 Fireball                 Conj/Fire      0%         3d3       99%         5
 Eringya's Noxious Bog    Tmut/Pois      0%         N/A       100%        6
 Starburst                Conj/Fire      0%         6d3       100%        6
 Necromutation            Tmut/Necr      0%         N/A       100%        8


Dungeon Overview and Level Annotations

Branches:
Dungeon (4/15)              Sewer (visited)
 Temple: D:4-7

Altars:

Shops:
D:3 (

Annotations:
D:4 Blork the orc


Message History

Blork the orc is unaffected.
The grasping roots constrict you.
Blork the orc screams, "Die!"
Blork the orc hits you with a +0 mace! The grasping roots constrict you.
You hear a shout! x2; You hear an angry hiss.
You hear a shout!
You hit Blork the orc.
Blork the orc is moderately wounded.
Blork the orc looks angry.
Blork the orc barely misses you. The grasping roots constrict you.
You closely miss Blork the orc.
Blork the orc is moderately wounded.
Blork the orc hits you but does no damage.
The grasping roots constrict you. Blork the orc hits you with a +0 mace.
The grasping roots constrict you.
You hit Blork the orc.
Blork the orc is heavily wounded.
Blork the orc hits you with a +0 mace. The grasping roots constrict you.
The grasping roots release their grip on you.
You hit Blork the orc but do no damage.
Blork the orc is heavily wounded.
Blork the orc looks encouraged for a moment.
Blork the orc gestures at you while chanting.
The magic dart hits you.
* * * LOW HITPOINT WARNING * * *
Okay, then.
You hit Blork the orc.
Blork the orc is severely wounded.
Blork the orc zaps a wand.
The roots erupt in riotous growth!
The grasping roots grab you!
Blork the orc is unaffected.
The grasping roots constrict you.
* * * LOW HITPOINT WARNING * * *
You hear an angry hiss.
You hear a shout!
You hear an angry hiss.
You hit Blork the orc but do no damage.
Blork the orc is severely wounded.
Blork the orc gestures at you while chanting.
The puff of flame hits you.
* * * LOW HITPOINT WARNING * * *
The grasping roots constrict you.
* * * LOW HITPOINT WARNING * * *
Blork the orc hits you with a +0 mace.
You die...

#<# #.# #.#
#####.#
#.....#######
#.###........
#.##.........
#.....#.....#
####@##......
#.o..####.#
#....# #
#......
##.#.##.
#..(. ..
###.#. . .#..


You could see Blork the orc (fast).

Vanquished Creatures
  A gnoll (D:2)
  9 adders
  A river rat (Sewer)
  9 worms
  2 dart slugs
  An orc (D:3)
  5 endoplasms
  5 giant cockroaches
  3 goblins
  6 hobgoblins
  5 quokkas
  8 ball pythons
  10 bats
  6 frilled lizards
  11 kobolds
  12 rats
94 creatures vanquished.

Notes
Turn   | Place    | Note
-------+----------+-------------------------------------------
     0 | D:1      | Hubris850 the Hill Orc Monk began the quest for the Orb.
     0 | D:1      | Reached XP level 1. HP: 19/19 MP: 1/1
    51 | D:1      | Got the Spellbook of the Sepulchral Shapeshifter
   192 | D:1      | Reached XP level 2. HP: 27/27 MP: 2/2
   336 | D:1      | Found a faded altar of an unknown god.
   865 | D:2      | Reached skill level 1 in Armour
   871 | D:2      | Reached skill level 1 in Throwing
   871 | D:2      | Reached XP level 3. HP: 13/33 MP: 3/3
  1138 | D:2      | Reached XP level 4. HP: 27/40 MP: 4/4
  2118 | D:3      | Found a glowing drain.
  2163 | D:3      | Reached XP level 5. HP: 45/46 MP: 5/5
  2167 | Sewer    | Entered a sewer
  2482 | Sewer    | Reached skill level 5 in Axes
  2655 | D:3      | Found Wuidiac's Antique Weapon Emporium.
  3068 | D:4      | Noticed Blork the orc
  3082 | D:4      | Slain by Blork the orc

Illustrated notes

Levels and vault maps discovered:
D:1:      lightli_arrival_statue_moat, layout_loops_cross,
          basic_ecumenical_altar, minmay_door_square
D:2:      layout_basic, minmay_octomino_c4
D:3:      layout_loops_ring, serial_shops, shop, gup_sewer_entry_bubbles,
          minmay_checkerbox
D:4:      layout_basic, uniq_sigmund, uniq_blork_the_orc, uniq_grinder

Skill      XL: |  1  2  3  4  5 |
---------------+----------------+-----
Armour         | 1 2 3 |  3.6
Fighting       | 4 |  4.0
Throwing       | 1 2 |  2.8
Axes           | 5 |  5.1
Dodging        | |  2.4
Stealth        | |  1.5

Action                     |  1- 3 |  4- 6 || total
---------------------------+-------+-------++-------
  Melee: Hand axe          |    93 |   322 ||   415
         Punch             |     1 |     2 ||     3
  Throw: Boomerang         |     8 |     6 ||    14
    Use: Scroll            |       |     6 ||     6
   Stab: Sleeping          |     3 |     5 ||     8
 Armour: Leather armour    |    18 |    65 ||    83
  Dodge: Dodged            |    49 |   154 ||   203
  Block: Other             |    16 |     5 ||    21
         Reflection        |     1 |       ||     1

Table legend: (Time is in decaauts)
 A = Elapsed time spent in this place.
 B = Non-inter-level travel time spent in this place.
 C = Inter-level travel time spent in this place.
 D = Time resting spent in this place.
 E = Time spent auto-exploring this place.
 F = Levels seen in this place.
 G = Mean time per level.
                   A        B        C        D        E       F      G
               +--------+--------+--------+--------+--------+-----+--------+
         Total |   3195 |   3147 |     48 |     23 |   1985 |   5 |  639.0 |
       Dungeon |   2739 |   2691 |     48 |     14 |   1827 |   4 |  684.8 |
         Sewer |    455 |    455 |      0 |      9 |    157 |   1 |  455.0 |
               +--------+--------+--------+--------+--------+-----+--------+

Top non-repeatable levels by time:
     D:2: 1164 daAuts
     D:3: 808 daAuts
     D:1: 741 daAuts
   Sewer: 455 daAuts
     D:4: 23 daAuts
